 Dungeon Crawl Stone Soup version 0.21.0 (webtiles) character file.

126596 MTVSty1e the Severer (level 16, -6/163 HPs)
             Began as a Minotaur Fighter on Jan 7, 2018.
             Was the Champion of Okawaru.
             Mangled by a reaper
             ... wielding a +4 scythe of protection
             ... summoned by a deep elf demonologist
              (28 damage)
             ... on level 2 of the Elven Halls.
             The game lasted 01:21:00 (24548 turns).

MTVSty1e the Severer (Minotaur Fighter)            Turns: 24548, Time: 01:21:01

Health: -6/163     AC: 13    Str: 27    XL:     16   Next: 44%
Magic:  24/24      EV: 15    Int:  6    God:    Okawaru [******]
Gold:   1803       SH: 18    Dex: 23    Spells: 15/15 levels left

rFire    + . .     SeeInvis .   U - +8 broad axe (elec)
rCold    + + .     Gourm    .   c - +0 shield
rNeg     + + .     Faith    .   Y - +1 ring mail of Lotoc {rC+ Slay+2}
rPois    +         Spirit   .   O - -2 hat of the Alchemist {rElec rPois rF+ rC+ rN+ MR+ rMut rCorr}
rElec    +         Reflect  +   H - scarf {repulsion}
rCorr    +         Harm     .   J - +3 pair of gloves "Unoenomi" {Dex+7}
rMut     +                      P - +0 pair of boots {run}
MR       ++...                  a - +3 amulet of reflection
Stlth    +.........             y - ring of Ilocwib {+Fly Int+3 Dex+3}
HPRegen  0.37/turn              Q - ring of Irchyqauxt {rN+ Dex+2}
MPRegen  0.19/turn

@: repel missiles, quick
A: retaliatory headbutt, horns 2, dopey 1, robust 1, screaming 1, sturdy frame 1
a: Heroism, Finesse, Renounce Religion, Evoke Flight


You were on level 2 of the Elven Halls.
You worshipped Okawaru.
Okawaru was exalted by your worship.
You were not hungry.

You visited 5 branches of the dungeon, and saw 26 of its levels.
You also visited: Ossuary and Ice Cave.

You collected 3093 gold pieces.
You spent 1290 gold pieces at shops.

Inventory:

Hand Weapons
 k - a +3 scimitar of flaming
 T - the +3 hand axe of Esse {flame, *Contam +Rage rElec rN+}
   (Okawaru gifted it to you on level 6 of the Lair of Beasts)

   It has been specially enchanted to burn those struck by it, causing extra
   injury to most foes and up to half again as much damage against particularly
   susceptible opponents.
   Big, fiery blades are also staple armaments of hydra-hunters.
   It insulates you from electricity.
   It protects you from negative energy.
   It lets you go berserk.
   It causes magical contamination when unequipped.
 U - a +8 broad axe of electrocution (weapon)
Armour
 c - a +0 shield (worn)
 H - a scarf of repulsion (worn)
 I - a +1 plate armour of cold resistance
 J - the +3 pair of gloves "Unoenomi" (worn) {Dex+7}
   (You found it on level 1 of the Lair of Beasts)

   It affects your dexterity (+7).
 O - the -2 hat of the Alchemist (worn) {rElec rPois rF+ rC+ rN+ MR+ rMut rCorr}
   (You found it on level 8 of the Dungeon)

   It protects you from fire.
   It protects you from cold.
   It insulates you from electricity.
   It protects you from poison.
   It protects you from negative energy.
   It affects your resistance to hostile enchantments.
   It protects you from acid and corrosion.
   It protects you from mutation.
 P - a +0 pair of boots of running (worn)
 Y - the +1 ring mail of Lotoc (worn) {rC+ Slay+2}
   (You found it on level 15 of the Dungeon)

   It affects your accuracy and damage with ranged weapons and melee attacks
   (+2).
   It protects you from cold.
Jewellery
 a - a +3 amulet of reflection (around neck)
 b - an uncursed ring of protection from magic
 y - the ring of Ilocwib (left hand) {+Fly Int+3 Dex+3}
   (You found it on level 8 of the Dungeon)

   [ring of flight]

   It affects your intelligence (+3).
   It affects your dexterity (+3).
   It lets you fly.
 B - an uncursed ring of protection from cold
 Q - the ring of Irchyqauxt (right hand) {rN+ Dex+2}
   (You found it on level 8 of the Dungeon)

   [ring of positive energy]

   It affects your dexterity (+2).
   It protects you from negative energy.
Wands
 d - a wand of scattershot (11)
 r - a wand of disintegration (23)
 C - a wand of flame (176)
 F - a wand of polymorph (44)
 L - a wand of paralysis (5)
 V - a wand of iceblast (12)
Scrolls
 h - a scroll of fear
 j - 9 scrolls of remove curse
 q - 4 scrolls of magic mapping
 t - 5 scrolls of fog
 x - 5 scrolls of teleportation
 E - 3 scrolls of amnesia
 K - 5 scrolls of enchant armour
 S - 3 scrolls of identify
 W - a scroll of blinking
 X - 4 scrolls of silence
Potions
 e - 3 potions of agility
 l - 5 potions of magic
 m - a potion of mutation
 n - 3 potions of flight
 o - 14 potions of curing
 u - 4 potions of might
 v - 4 potions of cancellation
 w - 7 potions of haste
 z - 5 potions of brilliance
 A - 3 potions of invisibility
 D - a potion of resistance
 M - 2 potions of berserk rage
 N - 2 potions of ambrosia
 R - 4 potions of lignification
Books
 g - a book of Dreams

   Spells                             Type                      Level
   a - Ensorcelled Hibernation        Hexes/Ice                    2
   b - Borgnjor's Vile Clutch         Necromancy/Earth             5
   c - Silence                        Hexes/Air                    5
   d - Darkness                       Hexes                        6
   e - Shadow Creatures               Summoning                    6
Comestibles
 f - 38 rations


   Skills:
 + Level 15.3 Fighting
 * Level 19.4 Axes
 + Level 13.4 Armour
 - Level 4.4 Dodging
 + Level 13.4 Shields
 + Level 12.5 Invocations
 - Level 4.2 Evocations


You had 15 spell levels left.
You didn't know any spells.

Dungeon Overview and Level Annotations

Branches:
Dungeon (15/15)            Temple (1/1) D:4            Lair (6/6) D:10
  Swamp (0/4) Lair:2        Snake (0/4) Lair:3        Slime (0/5) Lair:5
    Orc (2/2) D:12            Elf (2/3) Orc:2        Vaults (0/5) D:13
 Depths (0/5) D:15

Altars:
Cheibriados
Dithmenos
Elyvilon
Fedhas
Gozag
Hepliaklqana
Kikubaaqudgha
Makhleb
Nemelex Xobeh
Okawaru
Qazlal
Ru
Sif Muna
Trog
Uskayaw
Vehumet
Wu Jian
Xom
Yredelemnul
Zin
The Shining One
Beogh
Jiyva

Shops:
D:4 [   D:10 %   D:12 (   Orc:1 !   Orc:2 [:(


Innate Abilities, Weirdness & Mutations

You reflexively headbutt those who attack you in melee.
You have a pair of horns on your head.
You are dopey. (Int -2)
You are robust. (+10% HP)
You occasionally shout uncontrollably at your foes.
Your movements are slightly less encumbered by armour. (ER -2)


Message History

Wield which item (- for none, * to show all)? (? for menu, Esc to quit)
Okay, then.
Okay, then.
You feel much better.
The reaper hits you from afar with a scythe of protection.
* * * LOW HITPOINT WARNING * * *
The hellion gestures at you.
The sphere of damnation explodes!
The damnation engulfs you!
* * * LOW HITPOINT WARNING * * *
You see here a robe.
You feel much better. The hellion gestures at you.
The sphere of damnation explodes!
The damnation engulfs you!
* * * LOW HITPOINT WARNING * * *
You feel much better. The hellion gestures at you.
The sphere of damnation explodes!
The damnation engulfs you!
* * * LOW HITPOINT WARNING * * *
The reaper hits you from afar with a scythe of protection!!
You die...

##+## #### #...# ##...#+
###...### ......##
#.<.....#
...###.ee########.......#
#.e..E(e2.e2.@'.......#
..e§§#))##########.<.###
... #E.+ #...# . #e..#
##### #..2# #.... ......
#...... #...###.


You could see a reaper, 2 deep elf archers, a deep elf knight, a hellion and a
trident of flaming.

Vanquished Creatures
  Asterion (Elf:1)
  Kirke (D:15)
  An orc warlord (D:12)
  A frost giant (D:12)
  A stone giant (Orc:2)
  Nessos (D:15)
  2 fire dragons (D:15)
  An ettin (D:12)
  Josephine (Lair:5)
  The ghost of Leibowitz the Unseen, a journeyman KoGl of Wu Jian (D:11)
  7 hydras
  A catoblepas (Lair:6)
  A death knight (D:14)
  3 centaur warriors
  A catoblepas (shapeshifter) (D:12)
  8 two-headed ogres
  5 dancing weapons (Elf:1)
  A deep troll earth mage (D:12)
  A tengu warrior (D:11)
  11 death yaks
  2 orc high priests
  Urug (Lair:4)
  5 deep elf knights
  The ghost of manyhoops the Fighter, a novice GnWn of Hepliaklqana (D:6)
  A skeletal warrior (D:12)
  6 unseen horrors
  A wizard (D:14)
  A phantasmal warrior (D:14)
  3 deep elf archers (Elf:1)
  A necromancer (D:13)
  18 deep elf magi
  An oklob plant (Lair:4)
  6 orc sorcerers
  11 ugly things
  2 manticores
  2 cyclopes
  9 elephants
  3 centaur zombies
  3 black mambas
  A torpor snail (Lair:2)
  2 ice statues (IceCv)
  26 spiny frogs
  4 komodo dragons
  2 kobold demonologists (D:15)
  An efreet (D:8)
  2 freezing wraiths (D:14)
  3 rime drakes
  12 trolls
  8 tyrant leeches
  11 slime creatures (D:12)
  33 blink frogs
  Prince Ribbit (D:8)
  11 hippogriffs
  Sigmund (D:4)
  3 air elementals (Elf:1)
  5 hogs (D:15)
  3 vampires
  6 wraiths
  41 yaks
  5 wyverns
  2 fire elementals (Elf:1)
  3 basilisks
  6 vampire mosquitoes (Lair:6)
  Grum (D:8)
  4 steam dragons
  3 hungry ghosts (D:12)
  2 nagas (Lair:3)
  A soldier ant (D:12)
  15 water moccasins
  2 wargs (Orc:1)
  An acid dragon (D:12)
  10 porcupines
  7 sky beasts
  29 orc warriors
  14 ice beasts
  2 eyes of draining
  2 black bears
  A swamp drake (D:10)
  5 phantoms
  13 wolves
  13 centaurs
  13 ogres
  20 crocodiles
  2 big kobolds
  34 bullfrogs
  An earth elemental (Elf:2)
  A wyvern zombie (D:12)
  6 scorpions
  A wyvern skeleton (D:12)
  A water moccasin skeleton (D:9)
  3 killer bees (D:10)
  7 howler monkeys
  9 crimson imps
  A quasit (D:12)
  16 orc priests
  8 jellies
  4 bullfrog skeletons
  2 centaur skeletons
  8 hounds
  35 orc wizards
  2 iguanas
  6 worker ants
  A hound zombie (D:8)
  A hound skeleton (D:10)
  9 mummies
  3 worker ant zombies
  A howler monkey zombie (D:9)
  A howler monkey skeleton (D:8)
  13 adders
  4 shadow imps
  2 adder skeletons
  2 worms
  5 dart slugs
  4 leopard geckos
  68 orcs
  10 bats
  6 giant cockroaches
  A gnoll zombie (Ossuary)
  8 hobgoblins
  10 jackals
  17 kobolds
  8 quokkas
  3 ball pythons
  6 frilled lizards
  7 goblins
  3 hobgoblin zombies (Ossuary)
  A jackal skeleton (D:5)
  3 kobold zombies (Ossuary)
  A leopard gecko skeleton (D:6)
  An orc zombie (Ossuary)
  2 quokka zombies
  4 rats
  3 fungi
  6 plants
838 creatures vanquished.

Vanquished Creatures (collateral kills)
  A sky beast (D:15)
1 creature vanquished.

Vanquished Creatures (others)
  A centaur warrior (D:15)
  A deep elf knight (Elf:1)
  An ugly thing (IceCv)
  An orc warrior (Orc:1)
  3 centaurs (D:15)
  A fire vortex (D:13)
  18 fungi
  48 plants
74 creatures vanquished.

Grand Total: 913 creatures vanquished

Notes
Turn   | Place    | Note
-------+----------+-------------------------------------------
     0 | D:1      | MTVSty1e the Minotaur Fighter began the quest for the Orb.
     0 | D:1      | Reached XP level 1. HP: 19/19 MP: 0/0
   120 | D:1      | Reached skill level 3 in Axes
   131 | D:1      | Reached XP level 2. HP: 27/27 MP: 1/1
   396 | D:1      | Reached XP level 3. HP: 33/33 MP: 2/2
   800 | D:2      | Reached skill level 4 in Axes
  1163 | D:2      | Reached XP level 4. HP: 41/41 MP: 3/3
  1578 | D:3      | Reached skill level 5 in Axes
  1673 | D:3      | Reached XP level 5. HP: 38/47 MP: 4/4
  1834 | D:3      | Reached skill level 5 in Fighting
  2398 | D:4      | Noticed Sigmund
  2407 | D:4      | Killed Sigmund
  2407 | D:4      | Reached skill level 6 in Axes
  2407 | D:4      | Reached XP level 6. HP: 57/57 MP: 5/5
  2628 | D:4      | Found a staircase to the Ecumenical Temple.
  2640 | D:4      | Found a sand-covered staircase.
  2648 | D:4      | Reached skill level 7 in Axes
  2652 | Ossuary  | Entered an ossuary
  3054 | Temple   | Entered the Ecumenical Temple
  3100 | Temple   | Became a worshipper of Warmaster Okawaru
  3218 | D:4      | Reached XP level 7. HP: 64/64 MP: 6/6
  3262 | D:4      | Found Rokh's Armour Emporium.
  3297 | D:4      | Bought a +2 hat for 160 gold pieces
  3555 | D:5      | Entered Level 5 of the Dungeon
  3563 | D:5      | Reached skill level 8 in Axes
  3593 | D:5      | Found a white marble altar of Elyvilon.
  3699 | D:5      | Reached * piety under Okawaru
  3771 | D:5      | Reached skill level 9 in Axes
  3918 | D:5      | Reached XP level 8. HP: 73/73 MP: 5/7
  4229 | D:6      | Noticed manyhoops's ghost (novice GnWn)
  4252 | D:6      | Killed manyhoops's ghost
  4252 | D:6      | Reached ** piety under Okawaru
  4252 | D:6      | Reached skill level 10 in Axes
  4299 | D:6      | Reached skill level 11 in Axes
  4483 | D:6      | Reached skill level 1 in Invocations
  4569 | D:6      | Reached XP level 9. HP: 72/82 MP: 9/9
  5602 | D:7      | Reached *** piety under Okawaru
  5708 | D:8      | Noticed a two-headed ogre
  5782 | D:8      | Reached skill level 5 in Armour
  5879 | D:8      | Reached skill level 5 in Shields
  6013 | D:8      | Killed a two-headed ogre
  6013 | D:8      | Reached skill level 12 in Axes
  6017 | D:8      | Reached XP level 10. HP: 66/91 MP: 7/12
  6073 | D:8      | Found an opulent altar of Gozag.
  6117 | D:8      | Noticed a white ugly thing
  6121 | D:8      | Noticed a brown ugly thing
  6127 | D:8      | Noticed a two-headed ogre
  6316 | D:9      | Reached skill level 5 in Invocations
  6604 | D:9      | Reached **** piety under Okawaru
  6801 | D:9      | Reached ***** piety under Okawaru
  6889 | D:9      | Reached skill level 10 in Fighting
  6904 | D:9      | Reached skill level 13 in Axes
  7269 | D:7      | Killed a cyan ugly thing
  7329 | D:7      | Gained mutation: You are dopey. (Int -2) [potion of mutation]
  7329 | D:7      | Gained mutation: You occasionally shout uncontrollably at your foes. [potion of mutation]
  7329 | D:7      | Gained mutation: Your movements are slightly less encumbered by armour. (ER -2) [potion of mutation]
  7329 | D:7      | Gained mutation: You are robust. (+10% HP) [potion of mutation]
  7575 | D:8      | Killed a white ugly thing
  7575 | D:8      | Received a gift from Okawaru
  7575 | D:8      | Reached XP level 11. HP: 16/110 MP: 4/15
  7859 | D:8      | Found the -2 hat of the Alchemist {rElec rPois rF+ rC+ rN+ MR+ rMut rCorr}
  7973 | D:8      | Noticed Prince Ribbit
  7984 | D:8      | Killed Prince Ribbit
  8000 | D:8      | Got an ancient jade ring
  8052 | D:8      | Killed a two-headed ogre
  8085 | D:8      | Noticed Grum
  8096 | D:8      | Killed Grum
  8156 | D:8      | Got a pitted lapis lazuli ring
  8355 | D:10     | Entered Level 10 of the Dungeon
  8375 | D:10     | Noticed a two-headed ogre
  8384 | D:10     | Killed a two-headed ogre
  8868 | D:10     | Reached skill level 14 in Axes
  8873 | D:10     | Identified the ring of Ilocwib {+Fly Int+3 Dex+3} (You found it on level 8 of the Dungeon)
  8875 | D:10     | Identified the ring of Irchyqauxt {rN+ Dex+2} (You found it on level 8 of the Dungeon)
  9152 | D:10     | Found a staircase to the Lair.
  9302 | D:10     | Noticed a two-headed ogre
  9311 | D:10     | Killed a two-headed ogre
  9365 | D:10     | Received a gift from Okawaru
  9368 | D:10     | Found Joqouf's Food Emporium.
  9616 | D:11     | Noticed a red ugly thing
  9628 | D:11     | Killed a red ugly thing
 10010 | Lair:1   | Entered Level 1 of the Lair of Beasts
 10033 | Lair:1   | Got a pair of crude gloves
 10044 | Lair:1   | Identified the +3 pair of gloves "Unoenomi" {Dex+7} (You found it on level 1 of the Lair of Beasts)
 10199 | Lair:1   | Reached XP level 12. HP: 117/121 MP: 15/17
 10883 | Lair:2   | Found a hide-covered altar of Uskayaw.
 11008 | Lair:2   | Reached ****** piety under Okawaru
 11213 | Lair:2   | Received a gift from Okawaru
 11346 | Lair:2   | Found a staircase to the Swamp.
 11351 | Lair:2   | Reached skill level 1 in Evocations
 11596 | Lair:3   | Noticed a death yak
 11646 | Lair:2   | Killed a death yak
 11680 | Lair:3   | Reached skill level 15 in Axes
 11768 | Lair:3   | Found a staircase to the Snake Pit.
 11935 | Lair:3   | Noticed a five-headed hydra
 11943 | Lair:3   | Killed a one-headed hydra
 12226 | Lair:3   | Received a gift from Okawaru
 12469 | Lair:4   | Noticed a death yak
 12469 | Lair:4   | Noticed a death yak
 12469 | Lair:4   | Noticed a death yak
 12469 | Lair:4   | Noticed a death yak
 12469 | Lair:4   | Noticed a death yak
 12470 | Lair:4   | Noticed a death yak
 12523 | Lair:4   | Noticed Urug
 12531 | Lair:4   | Killed Urug
 12539 | Lair:4   | Found a frozen archway.
 12550 | IceCv    | Entered an ice cave
 12562 | IceCv    | Found a transporter.
 13003 | Lair:4   | Reached XP level 13. HP: 128/128 MP: 19/19
 13642 | Lair:4   | Reached skill level 10 in Invocations
 13829 | Lair:4   | Received a gift from Okawaru
 13839 | Lair:4   | Identified a +0 pair of boots of running (Okawaru gifted it to you on level 4 of the Lair of Beasts)
 14008 | Lair:4   | Reached skill level 10 in Armour
 14199 | Lair:4   | Reached skill level 10 in Shields
 14210 | Lair:5   | Reached skill level 16 in Axes
 14423 | Lair:5   | Noticed Josephine
 14436 | Lair:5   | Killed Josephine
 14633 | Lair:5   | Found a viscous altar of Jiyva.
 14633 | Lair:5   | Found a staircase to the Slime Pits.
 14892 | Lair:5   | Reached skill level 1 in Dodging
 15280 | Lair:6   | Entered Level 6 of the Lair of Beasts
 15396 | Lair:6   | Received a gift from Okawaru
 15401 | Lair:6   | Got a brightly glowing hand axe {god gift}
 15406 | Lair:6   | Identified the +3 hand axe of Esse {flame, *Contam +Rage rElec rN+} (Okawaru gifted it to you on level 6 of the Lair of Beasts)
 15413 | Lair:6   | Reached XP level 14. HP: 80/139 MP: 20/20
 15846 | Lair:6   | Reached skill level 17 in Axes
 16031 | Lair:6   | Identified the cursed +1 robe of Valiance {-Cast rElec rCorr} (You found it on level 6 of the Lair of Beasts)
 16611 | Lair:6   | Received a gift from Okawaru
 16612 | Lair:6   | Got a heavily runed ring mail {god gift}
 16637 | Lair:6   | Identified the +0 ring mail of Resonance {*Corrode Dex+7 Stlth+} (Okawaru gifted it to you on level 6 of the Lair of Beasts)
 17258 | D:11     | Noticed Leibowitz's ghost (journeyman KoGl)
 17273 | D:11     | Killed Leibowitz's ghost
 18178 | D:12     | Found Jijeoz's Antique Weapon Boutique.
 18677 | D:12     | Noticed a frost giant
 18687 | D:12     | Received a gift from Okawaru
 18687 | D:12     | Reached XP level 15. HP: 136/150 MP: 22/22
 18692 | D:12     | Killed a frost giant
 18712 | D:12     | Reached skill level 18 in Axes
 19553 | D:12     | Found a staircase to the Orcish Mines.
 19806 | D:13     | Found a gate to the Vaults.
 20799 | D:14     | Found a blossoming altar of Fedhas.
 20916 | D:15     | Entered Level 15 of the Dungeon
 21020 | D:15     | Received a gift from Okawaru
 21031 | D:15     | Identified the +3 battleaxe "Idoebile" {freeze, MR+} (Okawaru gifted it to you on level 15 of the Dungeon)
 21174 | D:15     | Noticed Kirke
 21186 | D:15     | Killed Kirke
 21328 | D:15     | Noticed Nessos
 21335 | D:15     | Killed Nessos
 21603 | D:15     | Found a staircase to the Depths.
 21646 | D:15     | Received a gift from Okawaru
 21672 | D:15     | Identified the cursed +1 ring mail of Lotoc {rC+ Slay+2} (You found it on level 15 of the Dungeon)
 22048 | Orc:1    | Entered Level 1 of the Orcish Mines
 22054 | Orc:1    | Noticed an orc warlord
 22082 | D:12     | Killed an orc warlord
 22502 | Orc:2    | Entered Level 2 of the Orcish Mines
 22659 | Orc:1    | Found Goesisox's Distillery.
 22764 | Orc:2    | Found a staircase to the Elven Halls.
 22943 | Orc:2    | Found a roughly hewn altar of Beogh.
 23027 | Orc:2    | Reached XP level 16. HP: 121/161 MP: 24/24
 23049 | Orc:2    | Found Ecouq's Food Boutique.
 23049 | Orc:2    | Found Estroliogg's Antique Armour Shop.
 23049 | Orc:2    | Found Obautoul's Book Shop.
 23075 | Orc:2    | Found Nacsek's Antique Weapon Boutique.
 23077 | Orc:2    | Reached skill level 15 in Fighting
 23089 | Orc:2    | Bought a transparent cloak for 285 gold pieces
 23089 | Orc:2    | Identified the cursed +0 cloak of the Unseen Realm {MR- Str+7 Dex+6} (You bought it in a shop on level 2 of the Orcish Mines)
 23097 | Orc:2    | Bought a ration for 65 gold pieces
 23097 | Orc:2    | Bought a ration for 65 gold pieces
 23097 | Orc:2    | Bought a ration for 65 gold pieces
 23097 | Orc:2    | Bought a ration for 65 gold pieces
 23097 | Orc:2    | Bought a ration for 65 gold pieces
 23097 | Orc:2    | Bought a ration for 65 gold pieces
 23097 | Orc:2    | Bought a ration for 65 gold pieces
 23097 | Orc:2    | Bought a ration for 65 gold pieces
 23097 | Orc:2    | Bought a ration for 65 gold pieces
 23097 | Orc:2    | Bought a ration for 65 gold pieces
 23097 | Orc:2    | Bought a ration for 65 gold pieces
 23097 | Orc:2    | Bought a ration for 65 gold pieces
 23097 | Orc:2    | Bought a ration for 65 gold pieces
 23484 | Elf:1    | Entered Level 1 of the Elven Halls
 23484 | Elf:1    | Noticed Asterion
 23498 | Elf:1    | Killed Asterion
 23498 | Elf:1    | Reached skill level 19 in Axes
 24531 | Elf:2    | Received a gift from Okawaru
 24548 | Elf:2    | Mangled by a reaper

Skill      XL: |  1  2  3  4  5  6  7  8  9 10 11 12 13 14 15 16 |
---------------+-------------------------------------------------+-----
Axes           | 3 4 5 6 7 9 11 12 13 14 15 16 17 18 19 | 19.4
Fighting       | 4 5 6 7 8 9 10 11 12 13 14 15 | 15.3
Invocations    | 1 4 6 8 9 10 11 12 | 12.5
Armour         | 4 5 6 8 9 10 11 12 13 | 13.4
Shields        | 5 6 8 9 10 11 12 13 | 13.4
Evocations     | 3 4 |  4.2
Dodging        | 2 4 |  4.4

Action                   |  1- 3 |  4- 6 |  7- 9 | 10-12 | 13-15 | 16-18 || total
-------------------------+-------+-------+-------+-------+-------+-------++-------
Melee: War axe           |    83 |   141 |   248 |   202 |       |       ||   674
       Headbutt          |     8 |    30 |    51 |   154 |   343 |    36 ||   622
       Broad axe         |       |       |       |   355 |   995 |   145 ||  1495
       Scimitar          |       |       |       |     5 |    40 |       ||    45
Invok: Heroism           |       |       |     2 |     2 |     6 |     2 ||    12
  Use: Scroll            |       |     2 |    18 |     7 |    19 |     2 ||    48
       Potion            |       |     3 |       |     1 |     2 |     3 ||     9
  Eat: Ration            |       |     2 |     2 |     6 |    10 |     1 ||    21
       Chunk             |       |     2 |     2 |     1 |       |       ||     5
Armor: Scale mail        |    39 |    38 |     3 |       |       |       ||    80
       Plate armour      |       |       |    81 |   210 |   361 |       ||   652
       Ring mail         |       |       |       |       |    16 |    11 ||    27
Dodge: Dodged            |    25 |    45 |    26 |   102 |   241 |    25 ||   464
       Deflected         |       |       |       |     1 |     8 |     6 ||    15
Block: Shield            |    43 |    78 |   102 |   291 |   740 |    72 ||  1326
       Reflection        |       |       |       |     6 |    40 |     9 ||    55
       Rpst.: Scimitar   |       |       |       |       |     4 |       ||     4
